3AAA
WARWICK HUNCHBACKS @ BALBOA BUCCANEERS
08/13/2018
 
TOP OF THE 1ST
Warwick Hunchbacks batting - Pitching for Balboa Buccaneers : RHP José Valenzuela
Pitching: RHP José Valenzuela
Batting: RHB Jim Browning 0-0: Called Strike
0-1: Ball
1-1: Foul Ball, location: 2F
1-2: Ball
2-2: Fly out, F2 (Popup, 2RF)
Batting: LHB Ted Cracknell 0-0: Called Strike
0-1: Ball
1-1: Fly out, F8 (Flyball, 8RM)
Batting: RHB Steve Brewer 0-0: Ball
1-0: Called Strike
1-1: Ball
2-1: Ball
3-1: Swinging Strike
3-2: Strikes out swinging
Top of the 1st over - 0 run(s), 0 hit(s), 0 error(s), 0 left on base; Warwick 0 - Balboa 0
BOTTOM OF THE 1ST
Balboa Buccaneers batting - Pitching for Warwick Hunchbacks : RHP Pat Brown
Pitching: RHP Pat Brown
Batting: RHB Derek Schroeder 0-0: Called Strike
0-1: Fly out, F3 (Popup, 23)
Batting: RHB César Garza 0-0: Ball
1-0: Ground out 4-3 (Groundball, 34)
Batting: RHB Thomas Morris 0-0: Ball
1-0: Ball
2-0: Called Strike
2-1: Ball
3-1: Base on Balls
Batting: RHB Jeff Bass 0-0: SINGLE (Groundball, 56D)
Thomas Morris to second
Batting: RHB Jean Lemaire 0-0: Foul Ball, location: 2F
0-1: Foul Ball, location: 2F
0-2: Foul Ball, location: 2F
0-2: Fly out, F8 (Line Drive, 8LM)
Bottom of the 1st over - 0 run(s), 1 hit(s), 0 error(s), 2 left on base; Warwick 0 - Balboa 0
TOP OF THE 2ND
Warwick Hunchbacks batting - Pitching for Balboa Buccaneers : RHP José Valenzuela
Batting: LHB David Hubbard 0-0: Called Strike
0-1: Ground out 1-3 (Groundball, 15)
Batting: RHB Julián Rocha 0-0: Ball
1-0: SINGLE (Line Drive, 7LM)
Batting: RHB Octávio Castaneda 0-0: SINGLE (Line Drive, 7S)
Julián Rocha to second
Batting: RHB José Reyes 0-0: Ball
1-0: Called Strike
1-1: Swinging Strike
1-2: Strikes out swinging
Batting: RHB Edwin McClung 0-0: Ball
1-0: Fly out, F8 (Flyball, 8RM)
Top of the 2nd over - 0 run(s), 2 hit(s), 0 error(s), 2 left on base; Warwick 0 - Balboa 0
BOTTOM OF THE 2ND
Balboa Buccaneers batting - Pitching for Warwick Hunchbacks : RHP Pat Brown
Batting: RHB Leonard James 0-0: Ball
1-0: Ball
2-0: DOUBLE (Flyball, 9LS)
Batting: RHB Louie McNeil 0-0: Ball
1-0: Called Strike
1-1: Ball
2-1: Foul Ball, location: 2F
2-2: Fly out, F9 (Flyball, 89M)
Batting: RHB Matt Nelson 0-0: Foul Ball, location: 2F
0-1: Foul Ball, location: 2F
0-2: Ball
1-2: Foul Ball, location: 2F
1-2: Strikes out looking
Batting: LHB Jafar Taha 0-0: Ball
1-0: Ball
2-0: Ball
3-0: Base on Balls
Batting: RHB Derek Schroeder 0-0: Foul Ball, location: 2F
0-1: Foul Ball, location: 2F
0-2: Fly out, F8 (Flyball, 8RS)
Bottom of the 2nd over - 0 run(s), 1 hit(s), 0 error(s), 2 left on base; Warwick 0 - Balboa 0
TOP OF THE 3RD
Warwick Hunchbacks batting - Pitching for Balboa Buccaneers : RHP José Valenzuela
Batting: LHB Javier Pérez 0-0: Ball
1-0: Fly out, F8 (Flyball, 8LM)
Batting: RHB Jim Browning 0-0: Ball
1-0: Fly out, F6 (Popup, 6MD)
Batting: LHB Ted Cracknell 0-0: Ball
1-0: Foul Ball, location: 2F
1-1: Fly out, F7 (Flyball, 7M)
Top of the 3rd over - 0 run(s), 0 hit(s), 0 error(s), 0 left on base; Warwick 0 - Balboa 0
BOTTOM OF THE 3RD
Balboa Buccaneers batting - Pitching for Warwick Hunchbacks : RHP Pat Brown
Batting: RHB César Garza 0-0: Ball
1-0: Ground out 6-3 (Groundball, 6M)
Batting: RHB Thomas Morris 0-0: Called Strike
0-1: Ball
1-1: Foul Ball, location: 2F
1-2: Ball
2-2: Strikes out swinging
Batting: RHB Jeff Bass 0-0: Ball
1-0: Called Strike
1-1: Called Strike
1-2: Strikes out swinging
Bottom of the 3rd over - 0 run(s), 0 hit(s), 0 error(s), 0 left on base; Warwick 0 - Balboa 0
TOP OF THE 4TH
Warwick Hunchbacks batting - Pitching for Balboa Buccaneers : RHP José Valenzuela
Batting: RHB Steve Brewer 0-0: Reached on Error, E9 (Flyball, 89M)
Batting: LHB David Hubbard 0-0: Called Strike
0-1: Foul Ball, location: 2F
0-2: Foul Ball, location: 2F
0-2: Strikes out swinging
Batting: RHB Julián Rocha 0-0: Called Strike
Steve Brewer steals 2nd base
0-1: Ball
1-1: Ground out 6-3 (Groundball, 6)
Batting: RHB Octávio Castaneda 0-0: Called Strike
0-1: Swinging Strike
0-2: Ball
1-2: Hit by Pitch
Batting: RHB José Reyes 0-0: Foul Ball, location: 2F
0-1: Foul Ball, location: 2F
0-2: Foul Ball, location: 2F
0-2: Ball
1-2: Ball
2-2: Ball
3-2: Foul Ball, location: 2F
3-2: SINGLE (Groundball, 56D)
Steve Brewer to third
Octávio Castaneda to second
Steve Brewer scores
Octávio Castaneda to third
Batting: RHB Edwin McClung 0-0: Ball
1-0: Called Strike
1-1: Ball
2-1: Foul Ball, location: 2F
2-2: Strikes out looking
Top of the 4th over - 1 run(s), 1 hit(s), 1 error(s), 2 left on base; Warwick 1 - Balboa 0
BOTTOM OF THE 4TH
Balboa Buccaneers batting - Pitching for Warwick Hunchbacks : RHP Pat Brown
Batting: RHB Jean Lemaire 0-0: Ground out 5-3 (Groundball, 56)
Batting: RHB Leonard James 0-0: Swinging Strike
0-1: Swinging Strike
0-2: Foul Ball, location: 2F
0-2: Ball
1-2: Foul Ball, location: 2F
1-2: Ball
2-2: Strikes out swinging
Batting: RHB Louie McNeil 0-0: Ball
1-0: Ground out 5-3 (Groundball, 5)
Bottom of the 4th over - 0 run(s), 0 hit(s), 0 error(s), 0 left on base; Warwick 1 - Balboa 0
TOP OF THE 5TH
Warwick Hunchbacks batting - Pitching for Balboa Buccaneers : RHP José Valenzuela
Batting: LHB Javier Pérez 0-0: Bunt for hit - play at first, batter OUT! 3-4
Batting: RHB Jim Browning 0-0: Ball
1-0: Ball
2-0: Ball
3-0: Foul Ball, location: 2F
3-1: Fly out, F7 (Flyball, 78M)
Batting: LHB Ted Cracknell 0-0: Foul Ball, location: 2F
0-1: SINGLE (Line Drive, 78M)
Batting: RHB Steve Brewer 0-0: Ball
1-0: Swinging Strike
1-1: Ball
2-1: Ground out 5-3 (Groundball, 56)
Top of the 5th over - 0 run(s), 1 hit(s), 0 error(s), 1 left on base; Warwick 1 - Balboa 0
BOTTOM OF THE 5TH
Balboa Buccaneers batting - Pitching for Warwick Hunchbacks : RHP Pat Brown
Batting: RHB Matt Nelson 0-0: Ball
1-0: Foul Ball, location: 2F
1-1: Ball
2-1: Ball
3-1: SOLO HOME RUN (Flyball, 7D), Distance : 390 ft
Batting: LHB Jafar Taha 0-0: Ball
1-0: Ball
2-0: DOUBLE (Flyball, 8RXD)
Batting: RHB Derek Schroeder 0-0: Ball
1-0: Foul Ball, location: 2F
1-1: Ball
2-1: Called Strike
2-2: Strikes out looking
Batting: RHB César Garza 0-0: Ball
1-0: Ball
2-0: Ball
3-0: Called Strike
3-1: Called Strike
3-2: Base on Balls
Batting: RHB Thomas Morris 0-0: DOUBLE (Line Drive, 89M)
Jafar Taha scores
César Garza to third
Batting: RHB Jeff Bass 0-0: Called Strike
0-1: Called Strike
0-2: Foul Ball, location: 2F
0-2: Fly out, F3 (Popup, 3L)
Batting: RHB Jean Lemaire 0-0: Ball
1-0: Ball
2-0: Called Strike
2-1: Ball
3-1: Base on Balls
Batting: RHB Leonard James 0-0: Called Strike
0-1: Ball
1-1: Ball
2-1: Fly out, F9 (Line Drive, 9M)
Bottom of the 5th over - 2 run(s), 3 hit(s), 0 error(s), 3 left on base; Warwick 1 - Balboa 2
TOP OF THE 6TH
Warwick Hunchbacks batting - Pitching for Balboa Buccaneers : RHP José Valenzuela
Batting: LHB David Hubbard 0-0: Called Strike
0-1: Ball
1-1: Fly out, F9 (Flyball, 9S)
Batting: RHB Julián Rocha 0-0: Ball
1-0: Fly out, F7 (Flyball, 7S)
Batting: RHB Octávio Castaneda 0-0: Bunt for hit - play at first, batter OUT! 1-4
Top of the 6th over - 0 run(s), 0 hit(s), 0 error(s), 1 left on base; Warwick 1 - Balboa 2
BOTTOM OF THE 6TH
Balboa Buccaneers batting - Pitching for Warwick Hunchbacks : RHP Pat Brown
Batting: RHB Louie McNeil 0-0: Ball
1-0: Foul Ball, location: 2F
1-1: Foul Ball, location: 2F
1-2: Ball
2-2: Ball
3-2: Base on Balls
Batting: RHB Matt Nelson 0-0: Sac Bunt - play at second, runner OUT! 5-6
Batting: LHB Jafar Taha 0-0: Called Strike
0-1: Swinging Strike
0-2: Ball
1-2: Ball
2-2: Ball
3-2: Strikes out looking
Batting: RHB Derek Schroeder 0-0: Ball
1-0: Foul Ball, location: 2F
1-1: Ground out 1-3 (Groundball, 25)
Bottom of the 6th over - 0 run(s), 0 hit(s), 0 error(s), 1 left on base; Warwick 1 - Balboa 2
TOP OF THE 7TH
Warwick Hunchbacks batting - Pitching for Balboa Buccaneers : RHP José Valenzuela
Batting: RHB José Reyes 0-0: Ball
1-0: SINGLE (Groundball, 56D)
Batting: RHB Edwin McClung 0-0: Ball
1-0: Ball
2-0: Ball
3-0: Called Strike
3-1: Base on Balls
José Reyes to second
Pinch Hitting: RHB Juan Sánchez 0-0: Ball
Wild Pitch!
José Reyes to third
Edwin McClung to second
1-0: Called Strike
1-1: Called Strike
1-2: Fly out, F5 (Line Drive, 5L)
Pinch Hitting: LHB Dave Harris 0-0: Ball
1-0: Swinging Strike
1-1: Ball
2-1: Swinging Strike
2-2: Ball
3-2: Fly out, F5 (Popup, 5DF)
Batting: LHB Ted Cracknell 0-0: Called Strike
0-1: Swinging Strike
0-2: Ground out 4-3 (Groundball, 4)
Top of the 7th over - 0 run(s), 1 hit(s), 0 error(s), 2 left on base; Warwick 1 - Balboa 2
BOTTOM OF THE 7TH
Balboa Buccaneers batting - Pitching for Warwick Hunchbacks : RHP Pat Brown
Now at 3B: Juan Sánchez
Now in RF: Dave Harris
Batting: RHB César Garza 0-0: Swinging Strike
0-1: Called Strike
0-2: Foul Ball, location: 2F
0-2: Ball
1-2: Strikes out swinging
Batting: RHB Thomas Morris 0-0: Ball
1-0: Ball
2-0: Fly out, F7 (Flyball, 7D)
Batting: RHB Jeff Bass 0-0: Ball
1-0: Called Strike
1-1: Ball
2-1: Foul Ball, location: 2F
2-2: Foul Ball, location: 2F
2-2: Hit by Pitch
Pitching: RHP Joel Harris
Batting: RHB Jean Lemaire 0-0: Ball
Jeff Bass steals 2nd base
1-0: Called Strike
1-1: DOUBLE (Line Drive, 7LM)
Jeff Bass scores
Batting: RHB Leonard James 0-0: 2-RUN HOME RUN (Flyball, 7D), Distance : 389 ft
Pitching: RHP Pete Poirot
Batting: RHB Louie McNeil 0-0: Ball
1-0: Called Strike
1-1: Ball
2-1: Ball
3-1: Base on Balls
Batting: RHB Matt Nelson 0-0: Ball
Wild Pitch!
Louie McNeil to second
1-0: Called Strike
1-1: Swinging Strike
1-2: Ball
2-2: Ground out 5-3 (Groundball, 5S)
Bottom of the 7th over - 3 run(s), 2 hit(s), 0 error(s), 1 left on base; Warwick 1 - Balboa 5
TOP OF THE 8TH
Warwick Hunchbacks batting - Pitching for Balboa Buccaneers : RHP José Valenzuela
Batting: RHB Steve Brewer 0-0: Ball
1-0: Ground out 5-3 (Groundball, 56S)
Batting: LHB David Hubbard 0-0: Ball
1-0: Called Strike
1-1: Ball
2-1: SINGLE (Line Drive, 89M)
Batting: RHB Julián Rocha 0-0: Fly out, F6 (Popup, 5)
Batting: RHB Octávio Castaneda 0-0: Called Strike
0-1: Called Strike
0-2: Ball
1-2: Strikes out swinging
Top of the 8th over - 0 run(s), 1 hit(s), 0 error(s), 1 left on base; Warwick 1 - Balboa 5
BOTTOM OF THE 8TH
Balboa Buccaneers batting - Pitching for Warwick Hunchbacks : RHP Pete Poirot
Batting: LHB Jafar Taha 0-0: Ball
1-0: Called Strike
1-1: Foul Ball, location: 2F
1-2: Fly out, F5 (Line Drive, 56)
Batting: RHB Derek Schroeder 0-0: Called Strike
0-1: Swinging Strike
0-2: Ball
1-2: Foul Ball, location: 2F
1-2: Strikes out swinging
Batting: RHB César Garza 0-0: Ball
1-0: Ball
2-0: Called Strike
2-1: SINGLE (Groundball, 3D)
Batting: RHB Thomas Morris 0-0: Called Strike
0-1: Ball
1-1: Foul Ball, location: 2F
1-2: Ball
2-2: SINGLE (Groundball, 4M) (infield hit)
César Garza to second
Batting: RHB Jeff Bass 0-0: Called Strike
0-1: Ball
1-1: Ball
Wild Pitch!
César Garza to third
Thomas Morris to second
2-1: DOUBLE (Line Drive, 7LS)
César Garza scores
Thomas Morris scores
Pitching: RHP Woody Pratt
Batting: RHB Jean Lemaire 0-0: Called Strike
0-1: Ball
1-1: Fly out, F8 (Line Drive, 8LM)
Bottom of the 8th over - 2 run(s), 3 hit(s), 0 error(s), 1 left on base; Warwick 1 - Balboa 7
TOP OF THE 9TH
Warwick Hunchbacks batting - Pitching for Balboa Buccaneers : RHP José Valenzuela
Batting: RHB José Reyes 0-0: Foul Ball, location: 2F
0-1: SINGLE (Groundball, 56)
Batting: RHB Edwin McClung 0-0: Grounds into double play, 6-4-3 (Groundball, 6)
Batting: RHB Juan Sánchez 0-0: Called Strike
0-1: Ball
1-1: SOLO HOME RUN (Flyball, 78XD), Distance : 420 ft
Batting: LHB Dave Harris 0-0: Ball
1-0: Called Strike
1-1: Ball
2-1: Ball
3-1: Swinging Strike
3-2: Base on Balls
Pitching: RHP Bill Swain
Batting: LHB Ted Cracknell 0-0: Foul Ball, location: 2F
0-1: Ball
1-1: Swinging Strike
1-2: Ground out 4-3 (Groundball, 4)
Top of the 9th over - 1 run(s), 2 hit(s), 0 error(s), 1 left on base; Warwick 2 - Balboa 7
This league is powered by Out of the Park Baseball, the baseball management simulation game for PC, Mac and Linux
Monday, May 4th, 2015 - OOTP Baseball 15.6 Build 34